Unix NetHack Version 3.7.0-86 Work-in-progress - last build May 30 2023 01:50:43 (cc98dc9aa62a9957b082a042edf5bd7ec9f632c7,branch:master). Game began 2023-06-15 22:21:00, ended 2023-06-15 22:45:22. Minoru, lawful male human Samurai -- --.- ----- $ |...- --- |...--- -...--..| -- --.....|----- |........ ..| --......--...| |*........- .. ----........0...-- -..........---------- .. |................-- ..... |...........<...| .. --.................-- ....---.......-..-----.. --.........|.........| ..----.|........-- . --....-....---.|.....-- -......---.......--.- - --..........| ----...-- - -----....-------........| ..--..........-- --...| |.- -----------..|.%...0............--- --........--.-- --.-- --..------........^..........)-------.....--- ---.........|--- -- |.....d@...----------...--.....--- ---.....---..........-| -.....------ --..||.......| |-..................---- |......- ----|......-- -...---........-----.|.-- |....... --.....| |...-- --....|.-- |....| $ |......- $ ---..-- |...| ---.---- --$.-- ----.--- ---- ----- --- ---- -- Minoru the Ronin St:14 Dx:14 Co:18 In:10 Wi:11 Ch:9 Lawful S:1101 Dlvl:4 $:9 HP:0(45) Pw:20(20) AC:4 Xp:5/233 T:1748 Hungry Burdened Latest messages: What do you want to read? [giowB or ?*] ? You begin to memorize the runes. You learn the "create monster" spell. You have a little trouble lifting M - a pick-axe. You are caught in a bear trap. You are caught in a bear trap. You are caught in a bear trap. You are caught in a bear trap. You are caught in a bear trap. You are caught in a bear trap. You are caught in a bear trap. You finally wriggle free. Your leg feels better. You see here a key. A cloud of gas puts you to sleep! You wake up. You have a little trouble lifting N - a key. You see here a whistle. You have a little trouble lifting O - a whistle. What do you want to use or apply? [BMNO or ?*] O You produce a strange whistling sound. Hachi appears next to you! The little dog bites! You miss the little dog. The little dog bites! The little dog bites! You hit the little dog. The little dog bites! Hachi bites the little dog. The little dog bites Hachi. The little dog misses! It misses the little dog. You miss the little dog. The little dog bites! It misses the little dog. It misses the little dog. What do you want to read? [giowB or ?*] ? As you read the scroll, it disappears. You feel very greedy, and sense gold! (For instructions type a '?') Done. The little dog bites! It misses the little dog. The little dog bites! You die... Do you want your possessions identified? [ynq] (y) y Do you want to see your attributes? [ynq] (y) y Do you want an account of creatures vanquished? [ynaq] (y) y Do you want to see your conduct and achievements? [ynq] (y) y Do you want to see the dungeon overview? [ynq] (y) y Inventory: Coins $ - 9 gold pieces Amulets z - a cursed amulet of flying Weapons K - 4 +0 arrows d - 24 +0 ya (in quiver) L - a cursed +0 bow A - a +0 sling c - a +0 yumi (alternate weapon; not wielded) H - 2 +0 daggers a - a +0 katana (weapon in hand) b - a +0 wakizashi Armor s - a cursed -1 orcish helm C - an uncursed +0 pair of iron shoes D - an uncursed +0 dwarvish cloak G - an uncursed +0 dwarvish cloak e - an uncursed rustproof +0 splint mail (being worn) Scrolls w - an uncursed scroll of blank paper i - a blessed scroll of destroy armor g - an uncursed scroll of punishment Spellbooks B - an uncursed spellbook of create monster Potions t - a blessed potion of acid n - an uncursed potion of blindness y - an uncursed potion of confusion I - an uncursed potion of fruit juice l - an uncursed potion of object detection x - an uncursed potion of paralysis f - an uncursed potion of sleeping Rings J - a cursed ring of regeneration Tools O - an uncursed magic whistle M - a cursed +0 pick-axe N - a cursed skeleton key Gems/Stones k - an uncursed amber stone E - an uncursed dilithium crystal F - an uncursed worthless piece of white glass Minoru the Samurai's attributes: Background: You were a Ronin, a level 5 male human Samurai. You were lawful, on a mission for Amaterasu Omikami who was opposed by Raijin (neutral) and Susanowo (chaotic). You were in the Gnomish Mines, on level 4. You entered the dungeon 1748 turns ago. It was nighttime. You had 233 experience points, 87 more were needed to attain level 6. Your score was 1101 before end-of-game adjustments. Basics: You had 0 out of 45 hit points. You had all 20 energy points (spell power). Your armor class was 4. Your wallet contained 9 zorkmids. Autopickup was off. Final Characteristics: Your strength was 14 (limit:18/100). Your dexterity was 14 (limit:18). Your constitution was 18 (limit:18). Your intelligence was 10 (limit:18). Your wisdom was 11 (limit:18). Your charisma was 9 (limit:18). Final Status: You were hungry. You were burdened; movement was slightly slowed. You were wielding a long sword. You had basic skill with long sword. Final Attributes: You were devoutly aligned. You were warded. You were fast. You are dead. Miscellaneous: You never encountered a bones level. Total elapsed playing time was 24 minutes and 18 seconds. Major events: Turn 1: Minoru the lawful male human Samurai entered the dungeon 985: attained the rank of Ronin (level 3) 1457: entered the Gnomish Mines 1748: killed by a little dog Vanquished creatures: 2 small mimics 3 gnome leaders 2 dwarves an acid blob a gas spore a large kobold a giant rat 4 gnomes 2 geckos 6 jackals a fox a goblin 2 sewer rats 6 grid bugs 2 bats 5 lichens 4 newts 44 creatures vanquished. No species were genocided or became extinct. Voluntary challenges: You read items or engraved 3 times. You never engraved Elbereth. You never genocided any monsters. You never polymorphed an object. You never changed form. You used no wishes. Achievements: You entered a shop. You attained the rank of Ronin. You entered the Gnomish Mines. The Dungeons of Doom: levels 1 to 4 Level 1: A fountain. Level 2: An armor shop. Level 3: A general store. Stairs down to The Gnomish Mines. Level 4: The Gnomish Mines: Level 4: <- You were here. Final resting place for you, killed by a little dog. Game over: ---------- / \ / REST \ / IN \ / PEACE \ / \ | Minoru | | 9 Au | | killed by a | | little dog | | | | | | 2023 | *| * * * | * _________)/\\_//(\/(/\)/\//\/|_)_______ Sayonara Minoru the Samurai... You died in The Gnomish Mines on dungeon level 4 with 1101 points, and 9 pieces of gold, after 1748 moves. You were level 5 with a maximum of 45 hit points when you died.